Map: Abyssal Reef LE

Players

Probe

  • Race: Protoss Protoss
  • Spawn Location: 5:00

Cham - Winner!

  • Race: Zerg Zerg
  • Spawn Location: 11:00

Event: WCS Austin 2017

VOD

Have the link to the VOD?

Description

Time

  • Played on: April 29, 2017, 1:48 p.m.
  • Length: 10:01

All games in this series

Show
View Real Time Build Order
Export as new Build Order

Probe Protoss 

Build Orders: 1 Gate Expand, Zealot Archon, Dark Templar Rush 

Get SALT Encoding   

  12  0:00  Probe (Chrono Boost)  
  13  0:11  Probe (Chrono Boost)  
  14  0:19  Pylon  
  14  0:22  Probe (Chrono Boost)  
  15  0:37  Probe (Chrono Boost)  
  15  0:40  Gateway  
  16  0:45  Assimilator  
  16  0:47  Probe (Chrono Boost)  
  17  0:58  Probe (Chrono Boost)  
  18  1:09  Probe (Chrono Boost)  
  19  1:21  Nexus  
  19  1:24  Probe (Chrono Boost)  
  20  1:34  Cybernetics Core  
  20  1:37  Probe (Chrono Boost)  
  21  1:44  Assimilator  
  21  1:47  Probe (Chrono Boost)  
  21  1:51  Pylon  
  22  1:58  Probe (Chrono Boost)  
  23  2:07  Adept  
  23  2:11  Probe (Chrono Boost), Warp Gate  
  27  2:23  Probe (Chrono Boost)  
  27  2:33  Mothership Core (Chrono Boost)  
  27  2:34  Probe (Chrono Boost), Stalker  
  32  2:44  Probe (Chrono Boost)  
  33  2:51  Probe (Chrono Boost)  
  33  2:52  Twilight Council  
  33  2:55  Probe (Chrono Boost)  
  35  3:02  Probe (Chrono Boost)  
  37  3:05  Probe (Chrono Boost)  
  38  3:12  Probe (Chrono Boost)  
  38  3:13  Robotics Facility  
  38  3:16  Probe (Chrono Boost)  
  39  3:23  Probe (Chrono Boost)  
  39  3:26  Pylon  
  39  3:27  Probe (Chrono Boost)  
  41  3:33  Probe (Chrono Boost)  
  42  3:37  Probe (Chrono Boost)  
  42  3:38  Dark Shrine  
  43  3:44  Probe (Chrono Boost)  
  43  3:48  Probe (Chrono Boost)  
  45  3:50  Gateway  
  45  3:53  Gateway  
  45  3:54  Gateway  
  45  3:55  Probe (Chrono Boost)  
  46  3:57  Warp Prism  
  46  3:58  Probe (Chrono Boost)  
  49  4:07  Probe (Chrono Boost)  
  49  4:08  Assimilator  
  50  4:10  Assimilator, Probe (Chrono Boost)  
  50  4:15  Pylon  
  51  4:19  Probe (Chrono Boost)  
  51  4:21  Probe (Chrono Boost)  
  53  4:29  Pylon  
  54  4:31  Probe (Chrono Boost), Pylon  
  54  4:38  Nexus  
  54  4:44  Probe (Chrono Boost)  
  56  4:46  Probe (Chrono Boost)  
  56  4:57  Dark Templar x3  
  56  4:58  Observer, Dark Templar  
  56  4:59  Probe (Chrono Boost)  
  65  5:05  Probe (Chrono Boost)  
  67  5:10  Probe (Chrono Boost)  
  68  5:16  Archon  
  68  5:17  Probe (Chrono Boost), Archon  
  68  5:20  Probe (Chrono Boost)  
  69  5:26  Forge  
  70  5:29  Probe (Chrono Boost)  
  70  5:31  Probe (Chrono Boost), Robotics Bay  
  70  5:32  Pylon  
  70  5:34  Pylon  
  71  5:41  Probe x2 (Chrono Boost)  
  73  5:52  Probe x2 (Chrono Boost)  
  73  5:53  Probe (Chrono Boost)  
  75  5:58  Dark Templar x2  
  75  6:03  Probe x2 (Chrono Boost)  
  77  6:07  Probe (Chrono Boost)  
  77  6:08  Protoss Ground Weapons Level 1  
  77  6:10  Gateway  
  78  6:11  Gateway  
  78  6:13  Probe (Chrono Boost)  
  78  6:14  Probe (Chrono Boost), Gateway  
  78  6:15  Disruptor  
  78  6:16  Gateway  
  78  6:17  Sentry x2  
  83  6:23  Blink  
  83  6:25  Probe (Chrono Boost)  
  87  6:26  Archon  
  87  6:27  Assimilator  
  87  6:28  Assimilator, Probe (Chrono Boost)  
  88  6:35  Pylon  
  88  6:39  Pylon  
  88  6:44  Probe x2 (Chrono Boost)  
  90  6:47  Gateway  
  90  6:52  Gateway  
  90  6:54  Disruptor  
  90  6:56  Probe x2 (Chrono Boost)  
  95  7:12  Stalker x2  
  95  7:13  Stalker x5  
  109  7:23  Gateway  
  109  7:25  Disruptor  
  109  7:29  Gateway  
  112  7:44  Gateway x2  
  112  7:47  Dark Templar x2  
  112  7:48  Adept x3  
  122  7:52  Nexus  
  122  7:53  Archon  
  122  7:56  Disruptor  
  125  8:09  Stalker  
  121  8:12  Pylon  
  121  8:13  Pylon  
  121  8:14  Pylon x2  
  121  8:18  Pylon  
  121  8:19  Pylon x2  
  121  8:20  Pylon x2  
  121  8:25  Stalker  
  121  8:26  Stalker  
  125  8:31  Stalker x2  
  128  8:37  Photon Cannon  
  124  8:43  Stalker  
  124  8:44  Stalker x2  
  124  8:46  Probe (Chrono Boost)  
  124  8:47  Probe (Chrono Boost)  
  130  8:54  Stalker x2  
  134  9:05  Stalker x3  
  134  9:08  Probe (Chrono Boost), Adept  
  136  9:17  Probe (Chrono Boost), Adept x2  
  128  9:26  Stalker x2  
  118  9:31  Probe x2 (Chrono Boost)  
  118  9:35  Probe (Chrono Boost)  
  115  9:42  Stalker  
  108  9:49  Probe x2 (Chrono Boost)  
  111  9:57  Adept  
Show
View Real Time Build Order
Export as new Build Order

Cham Zerg - Winner!

Build Orders: Hatch First, Muta Ling Bane 

Get SALT Encoding   

  12  0:00  Drone  
  13  0:09  Drone  
  14  0:16  Overlord  
  14  0:36  Drone  
  15  0:44  Hatchery  
  15  0:48  Drone  
  15  0:53  Drone  
  15  0:55  Drone  
  17  0:59  Drone  
  18  1:09  Extractor  
  17  1:17  Spawning Pool  
  17  1:18  Drone  
  17  1:22  Drone  
  18  1:32  Drone  
  19  1:46  Hatchery  
  18  1:49  Drone  
  18  1:53  Drone  
  20  1:57  Drone  
  21  2:05  Drone  
  21  2:08  Queen  
  24  2:13  Overlord  
  24  2:17  Drone  
  24  2:19  Drone  
  26  2:28  Queen  
  28  2:35  Overlord  
  28  2:36  Zergling x2  
  29  2:39  Zergling x2  
  29  2:41  Zergling x2  
  31  2:47  Queen  
  31  2:50  Drone  
  34  3:00  Drone x3  
  34  3:02  Overlord  
  37  3:08  Drone x2  
  39  3:13  Drone  
  39  3:15  Drone x2  
  39  3:16  Drone  
  43  3:20  Drone  
  43  3:22  Drone  
  45  3:27  Overlord  
  45  3:30  Drone  
  45  3:32  Drone  
  47  3:37  Drone x3, Roach Warren  
  49  3:41  Drone  
  49  3:45  Queen  
  49  3:47  Zergling x2  
  53  3:49  Metabolic Boost  
  53  3:51  Zergling x2  
  53  3:54  Zergling x4  
  56  3:55  Drone  
  56  3:59  Extractor  
  56  4:02  Drone x2  
  57  4:03  Overlord  
  57  4:09  Overlord  
  57  4:10  Overlord  
  57  4:11  Drone  
  58  4:22  Drone x2  
  60  4:24  Drone  
  60  4:25  Drone x3  
  60  4:29  Drone  
  60  4:30  Drone  
  66  4:32  Roach, Spore Crawler  
  66  4:34  Roach x3, Spore Crawler  
  66  4:35  Roach  
  76  4:38  Roach  
  76  4:40  Roach  
  76  4:43  Spore Crawler  
  77  4:46  Overlord  
  77  4:47  Drone  
  77  4:49  Roach  
  77  4:51  Roach  
  82  4:55  Overlord x2  
  82  5:00  Lair  
  82  5:02  Extractor  
  82  5:03  Extractor  
  80  5:10  Drone x4  
  80  5:11  Drone x4  
  80  5:13  Drone x2  
  89  5:19  Drone x3  
  91  5:22  Overlord  
  91  5:25  Baneling Nest  
  91  5:26  Evolution Chamber  
  89  5:29  Roach  
  89  5:31  Roach x3  
  89  5:33  Drone  
  97  5:38  Overlord, Extractor  
  97  5:40  Drone x3  
  97  5:41  Extractor  
  98  5:43  Drone  
  98  5:46  Overlord  
  99  5:50  Overlord  
  99  5:55  Drone x3  
  95  6:05  Overlord  
  95  6:06  Drone x3  
  95  6:08  Hatchery  
  97  6:12  Overlord  
  97  6:13  Zerg Melee Weapons Level 1  
  97  6:14  Drone  
  97  6:15  Centrifical Hooks  
  97  6:16  Spire  
  97  6:17  Roach  
  97  6:24  Overlord  
  97  6:26  Overlord, Glial Reconstitution  
  97  6:32  Overlord  
  97  6:33  Roach  
  97  6:34  Roach  
  97  6:35  Zergling x2  
  97  6:36  Zergling x6  
  105  6:40  Drone x3  
  105  6:43  Drone  
  105  6:44  Drone x3  
  105  6:45  Drone x2  
  105  6:47  Zergling x4  
  116  6:50  Overseer  
  116  6:56  Zergling x4  
  118  7:02  Overlord  
  118  7:09  Overlord  
  118  7:13  Zergling x4  
  118  7:14  Overlord  
  118  7:15  Zergling x10  
  124  7:26  Overlord  
  124  7:27  Mutalisk x3  
  124  7:28  Mutalisk x2  
  124  7:29  Hatchery  
  133  7:30  Mutalisk x2  
  133  7:31  Queen  
  133  7:33  Mutalisk x2  
  143  7:37  Mutalisk  
  143  7:39  Drone x2  
  143  7:40  Drone  
  143  7:41  Zergling x2  
  143  7:43  Ravager x3  
  152  7:45  Overlord  
  152  7:46  Zergling x2  
  152  7:47  Zergling x2  
  152  7:48  Overlord x2  
  156  7:51  Ravager x2  
  156  7:52  Overlord  
  156  7:54  Zergling x2  
  156  7:55  Zergling x2  
  158  8:08  Zergling x18  
  158  8:11  Ravager  
  158  8:12  Ravager x2  
  170  8:13  Baneling x5  
  170  8:14  Zergling x6  
  170  8:15  Zergling x2  
  170  8:16  Zergling x2  
  170  8:18  Zergling x2  
  176  8:20  Zergling x2  
  176  8:24  Hatchery  
  176  8:26  Zergling x2  
  176  8:27  Zergling x6  
  179  8:28  Ravager x2  
  179  8:31  Baneling  
  179  8:32  Zergling x2, Baneling x5  
  179  8:33  Zergling x4  
  183  8:37  Zergling x4  
  182  8:44  Zergling x6  
  182  8:46  Zergling x2  
  183  8:51  Zergling x2  
  184  8:56  Zergling x4  
  184  8:59  Zergling x2  
  184  9:02  Zergling x16  
  189  9:05  Zergling x4  
  189  9:09  Zergling x4  
  189  9:12  Zergling x4  
  178  9:17  Zergling x2  
  178  9:18  Zergling x4  
  166  9:25  Zergling x8  
  166  9:29  Zergling x2  
  163  9:37  Zergling x4  
  162  9:39  Zergling x4  
  162  9:40  Zergling x4  
  163  9:47  Baneling  
Tags
 
Add a new tag
Caveats
  • Supply blocks, unpowered buildings, or Contaminate may cause inaccurate times.
  • Supply counts are checked every 10 seconds.